 Dungeon Crawl Stone Soup version 0.31-a0-851-g7ff8af7976 (webtiles) character file.

Game seed: 11386202418672300014

23 pokeman the Magician (level 2, -1/16 HPs)
             Began as a Deep Elf Hedge Wizard on Oct 6, 2023.
             Killed from afar by Grinder (11 damage)
             ... with a puff of flame
             ... on level 3 of the Dungeon.
             The game lasted 00:01:58 (1685 turns).

pokeman the Magician (Deep Elf Hedge Wizard)        Turns: 1685, Time: 00:01:58

Health: -1/16      AC:  2    Str:  7    XL:     2   Next: 72%
Magic:  10/10      EV: 12    Int: 18    God:
Gold:   137        SH:  0    Dex: 14    Spells: 10/11 levels left

rFire   . . .        a - +0 dagger
rCold   . . .        (no shield)
rNeg    . . .        b - +0 robe
rPois   .            c - +0 hat
rElec   .            (no cloak)
rCorr   .            (no gloves)
SInv    .            (no boots)
Will    .....        (no amulet)
Stlth   ++           (no ring)
HPRegen 0.22/turn    (no ring)
MPRegen 0.12/turn

%: no passive effects
@: no status effects
A: no striking features
a: no special abilities


You were on level 3 of the Dungeon.
You visited 1 branch of the dungeon, and saw 3 of its levels.

You collected 137 gold pieces.

Inventory:

Hand Weapons
 a - a +0 dagger (weapon)
Armour
 b - a +0 robe (worn)
 c - a +0 hat (worn)
Wands
 k - a wand of iceblast (8)
 m - a wand of polymorph (12)
Scrolls
 e - 4 scrolls of identify {unknown}
 f - 2 scrolls of vulnerability {unknown}
 g - a scroll of amnesia {unknown}
 n - a scroll of fog {unknown}
Potions
 d - a potion of magic
 h - a potion of attraction {unknown}
 i - 2 potions of haste {unknown}
 j - a potion of enlightenment {unknown}
 l - a potion of heal wounds {unknown}


   Skills:
 + Level 0.6 Fighting
 + Level 0.6 Armour
 - Level 2.4 Dodging
 - Level 2.4 Stealth
 * Level 5.0 Spellcasting
 + Level 1.6 Conjurations
 - Level 1.1 Summonings
 - Level 1.1 Translocations


You had 10 spell levels left.
You knew the following spells:

 Your Spells              Type           Power      Damage    Failure   Level
a - Magic Dart            Conj           40%        1d5       7%          1

Your spell library contained the following spells:

 Spells                   Type           Power      Damage    Failure   Level
 Summon Small Mammal      Summ           32%        N/A       9%          1
 Slow                     Hex            16%        N/A       13%         1
 Blink                    Tloc           16%        N/A       13%         2
 Call Imp                 Summ           16%        N/A       13%         2
 Cigotuvi's Dreadful Rot  Necr/Pois/Air  8%         N/A       21%         2
 Call Canine Familiar     Summ           8%         N/A       26%         3
 Mephitic Cloud           Conj/Pois/Air  6%         N/A       32%         3
 Summon Guardian Golem    Hex/Summ       6%         N/A       32%         3
 Orb of Destruction       Conj           5%         9d5       100%        7
 Spellforged Servitor     Conj/Summ      4%         N/A       100%        7


Dungeon Overview and Level Annotations

Branches:
Dungeon (3/15)

Altars:
Trog

Shops:
D:3 :

Annotations:
D:3 Grinder


Message History

You see here a +0 scale mail.
As you open the door, it creaks loudly!
Found a sedimented purple potion and a shiny lead wand.
Found a book of Callings.
There is an open door here.
l - a sedimented purple potion
m - a wand of polymorph (12)
There is an open door here.
Found a stone staircase leading up.
Found a stone staircase leading up.
Done exploring.
Done exploring.
There is a stone staircase leading down here.
You climb downwards.
Found 3 stones.
Found a stone staircase leading down.
There is a stone staircase leading up here.
f - 2 scrolls labelled TIKHE IMPINUGU (gained 1)
Found an escape hatch in the ceiling.
You now have 137 gold pieces (gained 19).
e - 4 scrolls labelled WUNOYSY SIXAL (gained 1)
Found a dagger.
You see here a +0 dagger.
Found Pyn Jugu's Book Boutique.
Found a stone staircase leading down.
There is an entrance to Pyn Jugu's Book Boutique here.
You can access your shopping list by pressing '$'.
n - a scroll labelled ZEEBBE RAFUS Grinder comes into view.
She is carrying a wand of flame.
Grinder shouts!
Grinder attacks as she pursues you! Grinder hits you.
You writhe in agony.
Casting: Magic Dart (safe; 7% risk of failure)
Confirm with . or Enter, or press ? or * to list all spells.
You don't know that spell.
Casting: Magic Dart (safe; 7% risk of failure)
Confirm with . or Enter, or press ? or * to list all spells.
You don't know that spell.
Grinder zaps a wand.
The puff of flame hits you!
Ouch! That really hurt!
You die...
Grinder says, "Now the real fun starts!"

#.####.### .# #.# # #.#
#. ### ######.# .###..
. #......# ..#.# ##.#
#.############.#.#....#
#.# #..............#
####.# #.########.∩.###
.....###.#...5..@..>#
.......).#.##########
##########. #. #. #. #.
#.


You could see Grinder.

Vanquished Creatures
  4 bats (D:2)
  An endoplasm (D:1)
  A giant cockroach (D:1)
  A goblin (D:1)
  A hobgoblin (D:2)
  A quokka (D:1)
  6 ball pythons (D:2)
  2 frilled lizards
  3 kobolds (D:2)
  3 rats (D:2)
23 creatures vanquished.

Notes
Turn   | Place    | Note
-------+----------+-------------------------------------------
     0 | D:1      | pokeman the Deep Elf Hedge Wizard began the quest for the
                  | Orb.
     0 | D:1      | Reached XP level 1. HP: 10/10 MP: 7/7
   427 | D:1      | Found a faded altar of an unknown god.
   903 | D:2      | Reached XP level 2. HP: 16/16 MP: 2/9
  1023 | D:2      | Found a bloodstained altar of Trog.
  1446 | D:2      | Reached skill level 5 in Spellcasting
  1665 | D:3      | Found Pyn Jugu's Book Boutique.
  1680 | D:3      | Noticed Grinder
  1685 | D:3      | Killed from afar by Grinder

Illustrated notes

Levels and vault maps discovered:
D:1:      spicycebolla_arrival_transporter_tutorial, layout_basic,
          shapermc_ecumenical_altar_mp_ritualfount
D:2:      layout_basic, basic_altar, minmay_3d_cube
D:3:      layout_basic, serial_shops, shop, uniq_grinder

Skill      XL: |  1  2 |
---------------+-------+-----
Spellcasting   | 5 |  5.0
Fighting       | |  0.6
Armour         | |  0.6
Dodging        | |  2.4
Stealth        | |  2.4
Conjurations   | |  1.6
Summonings     | |  1.1
Translocations | |  1.1

Action                     || total
---------------------------++-------
  Melee: Dagger            ||    13
         Punch             ||     1
   Cast: Magic Dart        ||    42
 Armour: Robe              ||     7
  Dodge: Dodged            ||    17

Table legend: (Time is in decaauts)
 A = Elapsed time spent in this place.
 B = Non-inter-level travel time spent in this place.
 C = Inter-level travel time spent in this place.
 D = Time resting spent in this place.
 E = Time spent auto-exploring this place.
 F = Levels seen in this place.
 G = Mean time per level.
                   A        B        C        D        E       F      G
               +--------+--------+--------+--------+--------+-----+--------+
         Total |   1686 |   1581 |    105 |      0 |   1417 |   3 |  562.0 |
       Dungeon |   1686 |   1581 |    105 |      0 |   1417 |   3 |  562.0 |
               +--------+--------+--------+--------+--------+-----+--------+

Top non-repeatable levels by time:
     D:1: 952 daAuts
     D:2: 632 daAuts
     D:3: 100 daAuts
